Map: Heavy Artillery LE

Players

Waiky

  • Race: Terran Terran
  • Spawn Location: 7:00

ReneGrazo - Winner!

  • Race: Protoss Protoss
  • Spawn Location: 1:00

AqCastro

  • Race: Terran Terran
  • Spawn Location: 7:00

Ingeniero - Winner!

  • Race: Terran Terran
  • Spawn Location: 3:00

VOD

Have the link to the VOD?

Description

Con Renzo vs sin Renzo

Time

  • Played on: March 10, 2023, 11:44 p.m.
  • Length: 26:14
Show
View Real Time Build Order
Export as new Build Order

Waiky Terran 

Build Orders:  

Get SALT Encoding   

  12  0:01  SCV  
  13  0:18  Supply Depot  
  13  0:50  Barracks  
  13  1:28  Refinery  
  13  1:31  SCV  
  13  1:32  Refinery  
  14  1:43  Supply Depot, SCV  
  15  1:55  SCV  
  16  2:09  SCV  
  17  2:21  SCV  
  18  2:29  Factory  
  18  2:33  SCV  
  19  2:45  SCV  
  19  2:50  Barracks  
  20  2:57  SCV  
  21  3:09  SCV  
  22  3:22  Factory Tech Lab  
  22  3:25  Starport  
  23  3:34  SCV  
  23  3:46  SCV  
  24  3:58  SCV  
  25  4:05  Factory Tech Lab  
  25  4:08  Armory  
  25  4:10  SCV  
  25  4:13  Fusion Core  
  26  4:20  Starport  
  26  4:22  SCV  
  27  4:36  Command Center  
  27  4:50  Factory Tech Lab  
  27  5:04  Starport  
  27  5:07  Weapon Refit  
  27  5:15  Armory  
  27  5:23  Armory  
  27  5:37  Medivac  
  27  5:42  SCV  
  30  5:54  SCV  
  31  6:04  Marine  
  31  6:06  SCV  
  31  6:11  Viking  
  35  6:15  Banshee  
  38  6:19  SCV  
  38  6:42  Supply Depot  
  38  7:04  SCV, Marine  
  40  7:15  Supply Depot  
  40  7:22  Marine  
  41  7:29  SCV  
  42  7:30  Refinery  
  42  7:35  Starport Tech Lab  
  42  7:39  Marine  
  43  7:44  Factory Tech Lab  
  43  7:49  Starport  
  43  7:55  Terran Vehicle Weapons Level 1  
  43  7:56  Terran Ship Weapons Level 1, Terran Vehicle And Ship Armor Level 1  
  43  7:57  Marine  
  44  8:38  Refinery  
  44  9:01  SCV  
  45  9:13  SCV  
  46  9:19  Supply Depot  
  46  9:20  Supply Depot  
  46  9:21  Supply Depot  
  46  9:23  Supply Depot  
  46  9:25  SCV, Supply Depot  
  46  9:26  Supply Depot x2  
  47  9:37  SCV  
  48  9:46  Battlecruiser  
  48  9:48  Battlecruiser  
  48  9:49  SCV  
  48  9:50  Battlecruiser  
  67  9:59  Battlecruiser  
  73  11:02  Orbital Command  
  73  11:05  Orbital Command  
  73  11:10  Command Center  
  73  12:17  Battlecruiser x4  
  66  13:12  Refinery, SCV  
  67  13:41  Supply Depot  
  67  13:42  Supply Depot  
  67  13:50  Barracks  
  43  15:23  Battlecruiser x3  
  43  15:24  Battlecruiser  
  67  16:27  Battlecruiser x2  
  67  16:28  Battlecruiser x2  
  91  17:09  Refinery  
  91  18:21  Orbital Command  
  91  18:55  Terran Vehicle Weapons Level 2, Terran Vehicle And Ship Armor Level 2  
  91  18:56  Terran Ship Weapons Level 2  
  91  20:01  Orbital Command  
  91  20:17  Supply Depot x2  
  91  20:26  Supply Depot  
  91  20:27  Supply Depot  
  91  21:23  Supply Depot  
  91  21:24  Supply Depot  
  89  21:25  Supply Depot  
  37  23:41  Factory  
  37  24:06  Supply Depot  
  37  24:08  Supply Depot  
  37  24:09  Supply Depot x3  
  37  24:11  Supply Depot  
  37  24:12  Supply Depot  
  37  24:14  Supply Depot  
  37  24:16  Supply Depot  
  37  24:31  Starport  
  37  24:51  Starport  
  37  24:59  Starport  
Show
View Real Time Build Order
Export as new Build Order

ReneGrazo Protoss - Winner!

Build Orders: Double Forge, Carriers 

Get SALT Encoding   

  12  0:03  Probe  
  13  0:24  Pylon  
  13  0:29  Probe  
  14  0:41  Probe  
  15  0:49  Gateway  
  15  0:53  Probe  
  16  1:06  Probe  
  16  1:11  Assimilator  
  17  1:13  Pylon  
  17  1:18  Probe  
  18  1:26  Forge  
  18  1:30  Probe  
  19  1:37  Forge  
  19  1:54  Probe  
  20  2:03  Cybernetics Core  
  20  2:06  Probe  
  21  2:18  Cybernetics Core, Probe  
  22  2:30  Probe, Assimilator  
  23  2:43  Probe  
  24  2:53  Warp Gate (Chrono Boost)  
  24  2:55  Probe  
  25  3:07  Probe  
  25  3:10  Gateway  
  26  3:19  Probe, Stargate  
  27  3:26  Nexus  
  27  3:30  Assimilator  
  27  3:35  Assimilator  
  27  3:42  Pylon  
  27  3:45  Pylon  
  27  3:50  Stargate  
  27  3:59  Assimilator  
  27  4:04  Assimilator  
  27  4:43  Protoss Shields Level 1  
  27  4:51  Probe  
  28  5:03  Probe  
  29  5:08  Pylon  
  29  5:12  Fleet Beacon  
  29  5:15  Probe, Stargate  
  30  5:26  Nexus  
  30  5:28  Probe  
  31  5:40  Probe  
  32  5:52  Probe  
  33  5:57  Protoss Air Weapons Level 1 (Chrono Boost)  
  33  5:59  Pylon  
  34  6:04  Probe  
  34  6:09  Pylon  
  34  6:12  Twilight Council  
  34  6:16  Pylon  
  34  6:45  Carrier  
  40  6:49  Carrier  
  46  7:08  Carrier  
  52  7:36  Protoss Shields Level 2 (Chrono Boost)  
  52  7:49  Carrier  
  58  7:57  Protoss Air Armor Level 1 (Chrono Boost)  
  58  8:26  Carrier  
  64  9:01  Nexus  
  64  9:04  Assimilator  
  64  9:08  Assimilator  
  64  9:32  Carrier  
  76  10:00  Protoss Air Weapons Level 2, Carrier  
  76  10:16  Pylon  
  76  10:17  Pylon  
  76  10:18  Pylon  
  76  10:41  Carrier  
  82  11:10  Pylon  
  82  11:12  Pylon  
  82  11:14  Pylon  
  82  11:15  Pylon  
  82  11:21  Pylon  
  82  11:31  Pylon  
  82  11:36  Pylon  
  82  11:43  Pylon  
  82  12:06  Protoss Shields Level 3  
  82  12:46  Protoss Air Armor Level 2  
  82  13:25  Carrier  
  88  13:31  Carrier  
  94  13:47  Carrier  
  100  13:54  Stargate  
  100  13:55  Stargate  
  100  14:01  Stargate  
  100  14:08  Stargate x2  
  100  14:11  Stargate  
  100  14:29  Carrier  
  106  14:35  Carrier  
  112  14:51  Carrier  
  118  15:09  Carrier  
  118  15:10  Carrier x3  
  142  15:21  Protoss Air Weapons Level 3 (Chrono Boost)  
  142  15:33  Carrier  
  148  15:39  Carrier  
  154  15:56  Carrier  
  160  16:00  Carrier  
  160  16:01  Carrier  
  172  16:13  Carrier  
  172  16:14  Carrier  
  184  16:31  Carrier x2  
  196  18:06  Assimilator  
  196  18:07  Nexus  
  196  18:09  Protoss Air Armor Level 3 (Chrono Boost)  
  196  18:12  Assimilator  
  190  18:56  Carrier  
  190  19:49  Carrier  
  190  21:36  Carrier x2  
  190  21:37  Carrier  
  172  22:04  Carrier x3  
  172  22:05  Carrier  
Show
View Real Time Build Order
Export as new Build Order

AqCastro Terran 

Build Orders:  

Get SALT Encoding   

  12  0:02  SCV  
  13  0:46  Supply Depot  
  13  1:02  Supply Depot  
  13  1:07  SCV  
  14  1:40  Barracks  
  14  1:41  SCV  
  15  1:48  Refinery  
  15  1:49  Refinery  
  15  1:53  SCV  
  16  2:05  SCV  
  17  2:17  SCV  
  19  2:30  SCV  
  19  2:42  SCV  
  20  2:46  Command Center  
  20  2:54  SCV  
  21  3:15  SCV  
  21  3:16  Factory  
  22  3:39  SCV  
  23  3:59  Refinery  
  23  4:01  Supply Depot  
  24  4:09  Orbital Command  
  23  4:14  Orbital Command  
  23  4:23  Supply Depot  
  23  4:25  Refinery  
  23  4:30  Starport  
  23  4:45  Supply Depot  
  23  4:47  SCV  
  24  5:08  Starport  
  24  5:17  Armory  
  24  5:21  Armory  
  24  5:25  SCV x2  
  26  5:32  Starport Tech Lab  
  26  5:37  SCV x2  
  26  5:42  Fusion Core  
  28  5:49  SCV x2  
  24  5:52  Viking  
  21  6:01  SCV  
  20  6:13  SCV  
  21  6:35  Battlecruiser  
  27  7:00  SCV  
  28  7:04  SCV  
  29  7:10  Starport Tech Lab  
  29  7:12  SCV, Weapon Refit  
  30  7:16  SCV  
  31  7:24  SCV  
  31  7:28  SCV  
  33  7:36  SCV  
  34  7:40  SCV  
  35  7:49  SCV  
  36  7:51  Battlecruiser  
  36  7:53  SCV  
  43  8:06  Command Center  
  43  8:20  Terran Ship Weapons Level 1, Terran Vehicle And Ship Armor Level 1  
  43  8:31  SCV  
  44  8:43  SCV  
  45  8:55  SCV  
  46  9:16  Battlecruiser  
  52  9:19  Refinery  
  53  9:24  SCV  
  53  9:36  SCV  
  54  9:47  Refinery  
  54  9:48  SCV  
  55  10:05  SCV  
  53  10:37  Command Center  
  53  10:41  Refinery  
  53  10:57  Battlecruiser  
  59  11:08  Starport  
  59  11:14  Starport  
  59  11:17  Starport  
  59  11:20  Battlecruiser  
  65  11:26  Supply Depot  
  65  11:37  Terran Ship Weapons Level 2, Terran Vehicle And Ship Armor Level 2  
  65  11:48  Supply Depot  
  65  11:50  Starport Tech Lab x2  
  65  11:54  Starport Tech Lab  
  65  12:02  Battlecruiser  
  37  12:47  Battlecruiser x3  
  55  13:20  Battlecruiser  
  55  13:59  Command Center  
  55  14:00  Refinery  
  53  14:27  SCV  
  54  14:39  SCV  
  55  14:51  Refinery, SCV  
  56  15:03  SCV  
  56  15:05  Battlecruiser x2  
  56  15:06  Battlecruiser  
  75  15:15  SCV  
  75  15:16  Refinery  
  75  15:20  Orbital Command  
  76  15:40  Orbital Command  
  76  15:53  SCV  
  77  16:05  SCV  
  78  16:12  SCV  
  78  16:17  SCV  
  80  16:24  SCV  
  81  16:26  SCV  
  81  16:29  SCV  
  83  16:36  SCV  
  83  16:38  Battlecruiser x2, SCV  
  97  16:41  SCV  
  97  16:46  Terran Vehicle And Ship Armor Level 3  
  98  16:48  SCV  
  98  16:50  SCV  
  98  16:53  SCV  
  101  16:56  Terran Ship Weapons Level 3  
  101  17:00  SCV  
  102  17:02  SCV  
  103  17:15  SCV  
  104  18:01  Battlecruiser x2  
  104  18:02  Battlecruiser x2  
  128  18:15  Supply Depot  
  110  18:39  Supply Depot  
  90  19:10  Refinery  
  90  19:12  Command Center  
  90  19:13  Battlecruiser x2  
  90  19:16  Refinery  
  86  20:08  Battlecruiser x2  
  98  20:59  Command Center  
  32  22:13  Refinery  
  26  22:23  Starport  
  26  22:39  Refinery  
  19  23:00  Fusion Core  
  19  23:02  Starport Tech Lab  
Show
View Real Time Build Order
Export as new Build Order

Ingeniero Terran - Winner!

Build Orders: Mech 

Get SALT Encoding   

  12  0:00  SCV  
  13  0:14  Supply Depot  
  13  0:27  SCV  
  14  0:39  SCV  
  15  0:43  Barracks  
  15  0:49  Refinery  
  15  1:13  SCV  
  17  1:31  Orbital Command, Supply Depot  
  16  2:02  Command Center  
  16  2:06  SCV  
  17  2:13  Refinery  
  17  2:19  SCV  
  17  2:22  Factory  
  18  2:24  Barracks Reactor  
  18  2:33  Supply Depot  
  18  2:57  SCV  
  19  3:09  SCV  
  20  3:16  Starport  
  20  3:19  Hellion x2  
  24  3:21  SCV  
  25  3:28  Orbital Command  
  25  3:33  SCV  
  26  3:36  Barracks Reactor  
  26  3:40  Hellion  
  28  3:42  Hellion  
  30  3:58  SCV  
  30  3:59  SCV  
  32  4:06  Liberator  
  35  4:10  SCV  
  35  4:11  SCV  
  37  4:23  SCV  
  37  4:24  SCV  
  39  4:35  SCV  
  39  4:36  SCV  
  41  4:48  SCV  
  42  5:00  SCV  
  42  5:06  SCV  
  44  5:12  SCV  
  45  5:18  SCV  
  46  5:24  SCV  
  46  5:26  Hellion x2  
  46  5:27  Factory  
  51  5:30  SCV  
  52  5:36  SCV  
  52  5:42  SCV  
  54  6:12  Factory  
  54  6:13  Factory Tech Lab  
  54  6:31  Armory  
  54  6:34  Engineering Bay  
  54  6:38  Hellion  
  54  6:41  SCV x2  
  54  6:45  Marine x2  
  54  6:53  SCV x2  
  54  6:58  Factory Tech Lab  
  54  7:01  Command Center  
  54  7:07  Factory  
  54  7:12  Supply Depot  
  54  7:19  Armory  
  54  7:34  Thor, Hellbat  
  54  7:35  Supply Depot  
  62  7:42  Supply Depot  
  62  7:57  SCV x2, Hellbat, Siege Tank  
  69  7:59  Supply Depot  
  69  8:01  Factory Tech Lab  
  69  8:03  Hellbat  
  69  8:04  Supply Depot  
  71  8:09  SCV x2  
  73  8:13  Starport Reactor  
  73  8:16  Orbital Command  
  73  8:17  Siege Tank  
  73  8:18  Hellbat  
  78  8:21  SCV x2  
  78  8:23  Supply Depot  
  78  8:24  Refinery  
  80  8:27  Supply Depot  
  80  8:29  Siege Tank  
  80  8:33  SCV x2  
  85  8:43  Thor  
  85  8:44  Hellbat  
  85  8:45  SCV x2  
  85  8:46  SCV  
  85  8:48  Refinery  
  96  8:49  Supply Depot, Siege Tank  
  99  8:57  SCV  
  99  8:58  SCV  
  99  9:01  Thor  
  107  9:09  SCV  
  108  9:11  SCV  
  109  9:19  Hellbat  
  109  9:21  Thor  
  109  9:23  SCV  
  116  9:57  Thor  
  116  9:58  Hellbat  
  117  10:27  Terran Vehicle And Ship Armor Level 1  
  93  10:36  Thor, Hellbat  
  93  10:37  Siege Tank  
  104  11:20  Command Center  
  104  11:32  Thor  
  110  11:33  Hellbat  
  110  11:34  Thor, Siege Tank  
  103  12:40  Thor x2  
  94  13:02  Thor  
  94  13:03  Hellbat x2  
  98  13:23  Thor, Siege Tank  
  95  13:45  Thor  
Tags
 
Add a new tag
Caveats
  • Supply blocks, unpowered buildings, or Contaminate may cause inaccurate times.
  • Supply counts are checked every 10 seconds.